 Dungeon Crawl Stone Soup version 0.27-a0-1290-g15d3ce7508 (webtiles) character file.

Game seed: 6254989502474755211

537 Delamore the Poker (level 7, 0/56 HPs)
             Began as a Formicid Fighter on June 15, 2021.
             Was a Believer of Okawaru.
             Slain by a killer bee (5 damage)
             ... on level 4 of the Dungeon.
             The game lasted 00:03:46 (4734 turns).

Delamore the Poker (Formicid Fighter)               Turns: 4734, Time: 00:03:47

Health: 0/56       AC:  8    Str: 23    XL:     7   Next: 50%
Magic:  0/9        EV:  8    Int:  7    God:    Okawaru [**....]
Gold:   194        SH:  9    Dex: 10    Spells: 6/6 levels left

rFire    . . .     SeeInvis +   a - +0 trident
rCold    . . .     Faith    .   c - +0 kite shield
rNeg     . . .     Spirit   +   b - +0 scale mail
rPois    +         Reflect  .   (helmet unavailable)
rElec    .         Harm     .   e - +0 cloak
rCorr    .         Rampage  .   (no gloves)
Will     .....                  (no boots)
Stlth    ..........             p - amulet of guardian spirit
HPRegen  0.18/turn              i - ring of poison resistance
MPRegen  0.11/turn              (no ring)

@: no status effects
A: permanent stasis, dig shafts and tunnels, antennae 3, four strong arms
a: Dig, Shaft Self, Renounce Religion, Heroism


You were on level 4 of the Dungeon.
You worshipped Okawaru.
Okawaru was pleased with you.
You visited 1 branch of the dungeon, and saw 5 of its levels.

You collected 194 gold pieces.

Inventory:

Hand Weapons
 a - a +0 trident (weapon)
Missiles
 k - 17 poisoned darts
 q - 4 boomerangs of dispersal
Armour
 b - a +0 scale mail (worn)
 c - a +0 kite shield (worn)
 e - a +0 cloak (worn)
Jewellery
 i - a ring of poison resistance (left hand)
 p - an amulet of guardian spirit (around neck)
Wands
 n - a wand of flame (15)
Scrolls
 j - 3 scrolls of noise
Potions
 d - 3 potions of might
 f - a potion of curing
 g - a potion of degeneration
 h - a potion of heal wounds
 l - a potion of invisibility
 m - a potion of flight {unknown}
 o - a potion of mutation {unknown}
 r - a potion of attraction {unknown}


   Skills:
 - Level 5.0 Fighting
 * Level 6.3 Polearms
 - Level 3.2 Armour
 - Level 3.6 Shields
 - Level 3.0 Invocations


You had 6 spell levels left.
You didn't know any spells.
Your spell library contained the following spells:

 Spells                   Type           Power      Damage    Failure   Level
 Corona                   Hex            0%         N/A       98%         1
 Ensorcelled Hibernation  Hex/Ice        0%         N/A       99%         2
 Confusing Touch          Hex            0%         N/A       100%        3
 Dazzling Flash           Conj/Hex       0%         N/A       100%        3
 Tukima's Dance           Hex            0%         N/A       100%        3


Dungeon Overview and Level Annotations

Branches:
Dungeon (5/15)
 Temple: D:4-7

Altars:
Cheibriados
Elyvilon
Hepliaklqana
Okawaru
Vehumet
Zin

Shops:
D:4 *


Innate Abilities, Weirdness & Mutations

You cannot be hasted, slowed, berserked, paralysed or teleported.
You can dig through walls and to a lower floor.
You have a pair of large antennae on your head. (SInv)
Your four strong arms can wield two-handed weapons with a shield.


Message History

The killer bee is moderately wounded.
The killer bee stings you.
* * * LOW HITPOINT WARNING * * *
The killer bee barely misses you. You block the killer bee's attack.
You barely miss the killer bee.
The killer bee is moderately wounded.
You block the killer bee's attack. The killer bee barely misses you.
You miss the killer bee.
The killer bee is moderately wounded.
The killer bee barely misses you. You block the killer bee's attack.
You barely miss the killer bee.
The killer bee is moderately wounded.
The killer bee stings you.
* * * LOW HITPOINT WARNING * * *
You are poisoned.
The killer bee poisons you! You block the killer bee's attack.
The killer bee stings you but does no damage.
You puncture the killer bee!
The killer bee is almost dead.
You feel very sick.
The killer bee stings you but does no damage.
The killer bee stings you.
* * * LOW HITPOINT WARNING * * *
You miss the killer bee.
The killer bee is almost dead.
You feel sick. You block the killer bee's attack. The killer bee stings you.
* * * LOW HITPOINT WARNING * * *
You feel better. The killer bee stings you.
* * * LOW HITPOINT WARNING * * *
The killer bee stings you.
* * * LOW HITPOINT WARNING * * *
Your scale mail prevents you from hitting the killer bee.
The killer bee is almost dead.
The killer bee stings you but does no damage.
You block the killer bee's attack.
You hit the killer bee.
The killer bee is almost dead.
The killer bee stings you but does no damage.
You block the killer bee's attack. The killer bee stings you.
You die...

####..## #..# #..###
######## ### #..#.##
##(.....###.. #..##)#
#........##.. #...)##
#...##...##.# #..###
######..####..##.# #..#
#...##...# #..##.. #..#
#@#.##._.# #..##.#
#..#####y#.##...# #..##.#
#..........###### #..##.#
#..#...#...##### ##.###)#
#.....>........###..# #..
##.#...#.....#.....## ##.
#..............########..
#..#########.#.####..####
#).# #.........####


You could see a killer bee.

Vanquished Creatures
  A necrophage (D:4)
  2 scorpions (D:4)
  A killer bee (D:4)
  A hound (D:4)
  2 orc priests (D:4)
  An iguana (D:4)
  6 adders
  A howler monkey skeleton (D:4)
  An ufetubus (D:4)
  2 worms
  3 dart slugs
  15 orcs
  8 ball pythons
  3 bats
  3 endoplasms
  A giant cockroach (D:1)
  4 goblins
  5 hobgoblins
  10 jackals
  5 quokkas
  3 frilled lizards
  8 kobolds
  6 rats
92 creatures vanquished.

Vanquished Creatures (others)
  A kobold (D:3)
1 creature vanquished.

Grand Total: 93 creatures vanquished

Notes
Turn   | Place    | Note
-------+----------+-------------------------------------------
     0 | D:1      | Delamore the Formicid Fighter began the quest for the Orb.
     0 | D:1      | Reached XP level 1. HP: 18/18 MP: 1/1
   211 | D:1      | Reached XP level 2. HP: 20/24 MP: 2/2
   502 | D:1      | Found a faded altar of an unknown god.
   730 | D:1      | Became a worshipper of Warmaster Okawaru
   730 | D:1      | Reached * piety under Okawaru
   955 | D:2      | Reached skill level 3 in Polearms
   955 | D:2      | Reached XP level 3. HP: 25/30 MP: 3/3
  1345 | D:2      | Reached XP level 4. HP: 31/37 MP: 4/4
  2338 | D:3      | Found a snail-covered altar of Cheibriados.
  2378 | D:3      | Reached skill level 1 in Invocations
  2480 | D:3      | Reached XP level 5. HP: 39/42 MP: 5/5
  2593 | D:3      | Found a radiant altar of Vehumet.
  2599 | D:3      | Reached skill level 4 in Polearms
  2673 | D:3      | Found a white marble altar of Elyvilon.
  3279 | D:4      | Reached XP level 6. HP: 16/49 MP: 7/7
  3536 | D:4      | Reached ** piety under Okawaru
  3537 | D:4      | Reached skill level 5 in Polearms
  3835 | D:4      | Reached skill level 5 in Fighting
  4101 | D:4      | Found a hazy altar of Hepliaklqana.
  4130 | D:4      | Found Ceig's General Store.
  4165 | D:4      | Noticed an angel
  4166 | D:4      | Found a glowing silver altar of Zin.
  4197 | D:4      | Reached XP level 7. HP: 52/56 MP: 9/9
  4452 | D:4      | Reached skill level 6 in Polearms
  4699 | D:5      | Entered Level 5 of the Dungeon
  4734 | D:4      | Slain by a killer bee

Illustrated notes

Levels and vault maps discovered:
D:1:      dpeg_arrival_radiant, layout_rooms, ebering_ecumenical_altar_mist
D:2:      layout_basic
D:3:      layout_loops_cross, elyvilon_altar_4, vehumet_altar_wand_db,
          kennysheep_slug_shrine, st_stairs_2
D:4:      layout_loops_ring, zin_angel, nicolae_hepliaklqana_hippocampus,
          serial_shops, shop
D:5:      layout_rooms, kennysheep_mini_moat, lemuel_crystal_altar,
          uniq_grinder, uniq_ijyb, uniq_edmund, uniq_blork_the_orc

Skill      XL: |  1  2  3  4  5  6  7 |
---------------+----------------------+-----
Polearms       | 3 4 5 6 |  6.3
Fighting       | 4 5 |  5.0
Invocations    | 1 2 3 |  3.0
Armour         | |  3.2
Shields        | |  3.6

Action                   |  1- 3 |  4- 6 |  7- 9 || total
-------------------------+-------+-------+-------++-------
Melee: Trident           |   107 |   213 |    83 ||   403
 Abil: Dig               |       |     2 |       ||     2
  Use: Potion            |     1 |       |     1 ||     2
       Scroll            |       |     6 |       ||     6
Armor: Scale mail        |    58 |    59 |    39 ||   156
Dodge: Dodged            |    33 |    69 |    29 ||   131
Block: Kite shield       |    54 |    96 |    37 ||   187

Table legend: (Time is in decaauts)
 A = Elapsed time spent in this place.
 B = Non-inter-level travel time spent in this place.
 C = Inter-level travel time spent in this place.
 D = Time resting spent in this place.
 E = Time spent auto-exploring this place.
 F = Levels seen in this place.
 G = Mean time per level.
                   A        B        C        D        E       F      G
               +--------+--------+--------+--------+--------+-----+--------+
         Total |   4846 |   4671 |    175 |    793 |   3110 |   5 |  969.2 |
       Dungeon |   4846 |   4671 |    175 |    793 |   3110 |   5 |  969.2 |
               +--------+--------+--------+--------+--------+-----+--------+

Top non-repeatable levels by time:
     D:4: 1838 daAuts
     D:1: 1092 daAuts
     D:2: 1041 daAuts
     D:3: 871 daAuts
     D:5: 3 daAuts
